 Seeded DCSS version 0.28.0-62-gf88900778d (webtiles) character file.

Game seed: 13591998346360536447 (custom seed)

37 Psyclone the Conjurer (level 3, 1/19 HPs)
             Began as a Deep Elf Conjurer on Oct 17, 2023.
             Quit the game on level 2 of the Dungeon.
             The game lasted 00:00:53 (227 turns).

Psyclone the Conjurer (Deep Elf Conjurer)            Turns: 227, Time: 00:00:53

Health: 1/19       AC:  2    Str:  4    XL:     3   Next: 23%
Magic:  0/9        EV: 12    Int: 24    God:
Gold:   20         SH:  0    Dex: 13    Spells: 5/8 levels left

rFire   . . .      SeeInvis .   b - +0 dagger
rCold   . . .      Faith    .   (no shield)
rNeg    . . .      Spirit   .   a - +0 robe
rPois   .          Reflect  .   (no helmet)
rElec   .          Harm     .   (no cloak)
rCorr   .          Rampage  .   (no gloves)
Will    .....                   (no boots)
Stlth   ++........              (no amulet)
HPRegen 0.06/turn               (no ring)
MPRegen 0.11/turn               (no ring)

@: no status effects
A: no striking features
a: no special abilities


You were on level 2 of the Dungeon.
You visited 1 branch of the dungeon, and saw 2 of its levels.

You collected 20 gold pieces.

Inventory:

Hand Weapons
 b - a +0 dagger (weapon)
Armour
 a - a +0 robe (worn)
Scrolls
 c - a scroll of acquirement {unknown}


   Skills:
 - Level 2.4 Dodging
 - Level 2.4 Stealth
 - Level 3.0 Spellcasting
 + Level 5.6 Conjurations


You had 5 spell levels left.
You knew the following spells:

 Your Spells              Type           Power      Damage    Failure   Level
a - Magic Dart            Conj           100%       1d8       1%          1
b - Searing Ray           Conj           60%        2d6       1%          2

Your spell library contained the following spells:

 Spells                   Type           Power      Damage    Failure   Level
 Static Discharge         Conj/Air       17%        N/A       4%          2
 Dazzling Flash           Conj/Hex       34%        N/A       10%         3
 Fulminant Prism          Conj/Hex       8%         3d7       32%         4
 Iskenderun's Mystic Bla  Conj/Tloc      17%        2d5       32%         4
 Sticky Flame             Conj/Fire      17%        2d4       32%         4
 Dispel Undead            Necr           3%         3d7       71%         4


Dungeon Overview and Level Annotations

Branches:
Dungeon (2/15)

Altars:


Message History

You take 11 damage, and have 4/15 hp.
MASSIVE DAMAGE!!
You now have 1/8 mp.
The searing ray hits Natasha.
You kill Natasha!
Natasha growls in agony!
The shadow imp disappears in a puff of smoke!
You finish channelling your searing ray.
The quokka bites you.
* * * LOW HITPOINT WARNING * * *
You have reached level 3!
Your experience leads to an increase in your attributes!
Increase (S)trength, (I)ntelligence, or (D)exterity?
You feel clever. x2
You take 3 damage, and have 1/19 hp.
You now have 0/9 mp.
Casting: Searing Ray (safe; 1% risk of failure)
Confirm with . or Enter, or press ? or * to list all spells.
You don't have enough magic to cast this spell.
Unknown command.
Casting: Searing Ray (safe; 1% risk of failure)
Confirm with . or Enter, or press ? or * to list all spells.
You don't have enough magic to cast this spell.
Unknown command.
A ball python comes into view.
The quokka misses you.
Found a shiny peridot ring.
The quokka bites you.
* * * LOW HITPOINT WARNING * * *
You see here 15 gold pieces.
You take 1 damage, and have 1/19 hp.
The quokka barely misses you.
Casting: Searing Ray (safe; 1% risk of failure)
Confirm with . or Enter, or press ? or * to list all spells.
Aiming: Magic Dart (safe; 1% risk of failure)
Press: ? - help, Shift-Dir - straight line, f - quokka
Aim: a quokka (100% to hit)
The magic dart hits the quokka!
You kill the quokka!
The ball python hisses angrily.
You hear a shout!
You now have 0/9 mp.
Unknown command.
Unknown command.
Are you sure you want to abandon this character and quit the game? (Confirm with "yes".)

#.# #..#
######.###..#
..........#..#
..........#..#
..###....$#..#
...........#
#.#......#..#
# ##...###..#
##....@..#
#....##...#
.#... .......
#.. ......=...
#..<.....##
###...##.#
#...# ...
##.## ##


There were no monsters in sight!

Vanquished Creatures
  Natasha (D:2)
  A worm (D:2)
  3 jackals (D:1)
  A kobold (D:1)
  A quokka (D:2)
  A ball python (D:1)
  3 rats
11 creatures vanquished.

Notes
Turn   | Place    | Note
-------+----------+-------------------------------------------
     0 | D:1      | Psyclone the Deep Elf Conjurer began the quest for the Orb.
     0 | D:1      | Reached XP level 1. HP: 10/10 MP: 6/6
   178 | D:2      | Reached XP level 2. HP: 15/15 MP: 6/8
   181 | D:2      | Learned a level 2 spell: Searing Ray
   200 | D:2      | Reached skill level 5 in Conjurations
   214 | D:2      | Noticed Natasha
   218 | D:2      | Killed Natasha
   219 | D:2      | Reached XP level 3. HP: 1/19 MP: 0/9
   227 | D:2      | Quit the game

Illustrated notes

Levels and vault maps discovered:
D:1:      wander_arrival_fairy_ring, layout_basic, chequers_serial_rivers_room_a
D:2:      layout_loops_ring, shapermc_ecumenical_altar_venn, uniq_natasha

Skill      XL: |  1  2 |
---------------+-------+-----
Conjurations   | 5 |  5.6
Dodging        | |  2.4
Stealth        | |  2.4
Spellcasting   | |  3.0

Action                   || total
-------------------------++-------
 Cast: Magic Dart        ||    11
       Searing Ray       ||     2
Dodge: Dodged            ||     4
